 Dungeon Crawl Stone Soup version 0.31.0-4-g52a2dc7128 (webtiles) character file.

Game seed: 12507596354372643490

469 BigPumpCobain the Ruffian (level 6, -2/51 HPs)
             Began as a Draconian Shapeshifter on Jan 21, 2024.
             Splashed by a jelly's acid (7 damage)
             ... on level 4 of the Dungeon.
             The game lasted 00:04:33 (3703 turns).

BigPumpCobain the Ruffian (Draconian Shapeshifter)  Turns: 3703, Time: 00:04:33

Health: -2/51      AC: -6    Str: 18    XL:     6   Next: 82%
Magic:  6/6        EV: 12    Int: 10    God:
Gold:   214        SH:  0    Dex: 11    Spells: 5/5 levels left

rFire   . .          .
                       - Unarmed
rCold   . . .        (no shield)
rNeg    + . .        (body armour unavailable)
rPois   .            (helmet currently unavailable)
rElec   .            (cloak currently unavailable)
rCorr   .            (gloves currently unavailable)
SInv    .            (boots currently unavailable)
Will    .....        (no amulet)
Stlth   +            l - ring of positive energy
HPRegen 0.28/turn    (no ring)
MPRegen 0.10/turn

%: no passive effects
@: beast-form, corroded
A: beast (slay +2), AC +6, unfitting armour, cold-blooded
a: Begin Untransformation


You were on level 4 of the Dungeon.
You were a hulking beast.
You visited 1 branch of the dungeon, and saw 5 of its levels.

You collected 214 gold pieces.

Inventory:

Missiles
 q - a poisoned dart (quivered)
Armour
 s - a +0 pair of gloves
Jewellery
 d - an amulet of magic regeneration
 l - a ring of positive energy (left hand)
Talismans
 b - a beast talisman
 c - a flux talisman
Scrolls
 g - a scroll of revelation {unknown}
 i - a scroll of immolation {unknown}
 j - 2 scrolls of identify {unknown}
 k - 3 scrolls of teleportation {unknown}
 m - a scroll of blinking {unknown}
 o - a scroll of fear {unknown}
 p - a scroll of enchant weapon {unknown}
Potions
 a - a potion of lignification
 e - a potion of degeneration {unknown}
 f - 2 potions of heal wounds {unknown}
 h - a potion of resistance {unknown}
 n - a potion of invisibility {unknown}
 r - 3 potions of haste {unknown}
 t - a potion of brilliance {unknown}
 u - a potion of ambrosia {unknown}


   Skills:
 + Level 3.5 Fighting
 + Level 3.3 Dodging
 * Level 5.4 Unarmed Combat
 + Level 4.1 Shapeshifting


You had 5 spell levels left.
You didn't know any spells.
Your spell library contained the following spells:

 Spells                   Type           Power      Damage    Failure   Level
 Sting                    Conj/Alch      0%         1d3       36%         1
 Mercury Vapours          Alch/Air       0%         N/A       50%         2
 Olgreb's Toxic Radiance  Alch           0%         N/A       98%         4


Dungeon Overview and Level Annotations

Branches:
Dungeon (5/15)
 Temple: D:4-7

Altars:
Cheibriados
Elyvilon
Fedhas
Nemelex Xobeh

Shops:
D:4 :


Innate Abilities, Weirdness & Mutations

You are a hulking beast.
Your limbs bulge with bestial killing power. (Slay +2)
Your plain brown scales are hard. (AC +6)
You cannot fit into any form of body armour.
You are cold-blooded and may be slowed by cold attacks.


Message History

You are too injured to fight recklessly!
You are too injured to fight recklessly!
You are too injured to fight recklessly!
You are too injured to fight recklessly!
You are too injured to fight recklessly!
You are too injured to fight recklessly!
You are too injured to fight recklessly!
You are too injured to fight recklessly!
You are too injured to fight recklessly!
You are too injured to fight recklessly!
You are too injured to fight recklessly!
You are too injured to fight recklessly!
You are too injured to fight recklessly!
You are too injured to fight recklessly!
You are too injured to fight recklessly!
You are too injured to fight recklessly!
You are too injured to fight recklessly!
You are too injured to fight recklessly!
You are too injured to fight recklessly!
You are too injured to fight recklessly!
You completely miss the jelly.
The jelly is heavily wounded.
The orc barely misses you. The orc hits you with a +0 dagger.
The jelly completely misses you. The orc barely misses you.
The orc hits you with a +0 hand axe.
You hit the jelly.
Your hands burn!
You tail-slap the jelly, but do no damage.
The jelly is severely wounded.
The orc hits you with a +0 hand axe. x2
* * * LOW HITPOINT WARNING * * *
The jelly misses you. The orc misses you. The orc hits you with a +0 club.
* * * LOW HITPOINT WARNING * * *
You hit the jelly. The acid corrodes you!
Your hands burn!
* * * LOW HITPOINT WARNING * * *
You tail-slap the jelly.
The jelly is almost dead.
The orc closely misses you. The jelly hits you.
* * * LOW HITPOINT WARNING * * *
The acid corrodes you!
You are splashed with acid!
You die...

####### #.....#
##.....############
..................#
##.....##########.#
##[....##########o#
†..............ohJ#####
##.....#########oo....#
##.....# #...o..##.#
#############.##....#.#
# #.........÷..#.# #
#.###..####..#.# # #.#
#.## #..#.#
########.###.# #..#.#
#.........##.#####..#.#


You could see a jelly and 5 orcs.

Vanquished Creatures
  A water moccasin (D:3)
  An orc priest (D:4)
  An iguana (D:4)
  3 orc wizards
  4 gnolls (D:3)
  8 adders
  A river rat (D:3)
  4 ribbon worms (D:2)
  4 dart slugs
  6 orcs
  7 ball pythons
  4 bats
  8 endoplasms
  4 giant cockroaches
  6 goblins
  12 hobgoblins
  2 jackals (D:1)
  5 kobolds
  7 quokkas
  3 frilled lizards (D:1)
  8 rats
99 creatures vanquished.

Notes
Turn   | Place    | Note
-------+----------+-------------------------------------------
     0 | D:1      | BigPumpCobain the Draconian Shapeshifter began the quest
                  | for the Orb.
     0 | D:1      | Reached XP level 1. HP: 16/16 MP: 1/1
   159 | D:1      | Reached XP level 2. HP: 15/23 MP: 2/2
   351 | D:1      | Reached XP level 3. HP: 20/29 MP: 3/3
  1059 | D:2      | Found a faded altar of an unknown god.
  1161 | D:2      | Reached XP level 4. HP: 31/36 MP: 4/4
  1237 | D:2      | Reached skill level 4 in Unarmed Combat
  2028 | D:3      | Reached XP level 5. HP: 36/42 MP: 5/5
  2260 | D:3      | Found a blossoming altar of Fedhas.
  2342 | D:3      | Found a glowing drain.
  2443 | D:3      | Noticed a water moccasin
  2450 | D:3      | Killed a water moccasin
  2451 | D:3      | Reached XP level 6. HP: 36/51 MP: 6/6
  2683 | D:3      | Found a snail-covered altar of Cheibriados.
  2778 | D:3      | Reached skill level 5 in Unarmed Combat
  3152 | D:4      | Found a sparkling altar of Nemelex Xobeh.
  3272 | D:4      | Found Vis Xutou's Book Emporium.
  3289 | D:4      | Found a white marble altar of Elyvilon.
  3679 | D:5      | Entered Level 5 of the Dungeon
  3703 | D:4      | Splashed by a jelly's acid

Illustrated notes

Levels and vault maps discovered:
D:1:      dpeg_arrival_more_subterranean_lakeside_camping, layout_loops_ring
D:2:      layout_loops_ring, shapermc_ecumenical_altar_hornbeckon,
          nicolae_wormholes
D:3:      layout_basic, fedhas_ov_isle_minmay, chei_slow_surprise,
          portal_sewer_entry_c, serial_forest, infiniplex_forest_clump_curved,
          infiniplex_forest_end_3, infiniplex_forest_clump_double,
          infiniplex_forest_lined_room_2, infiniplex_forest_corner_1,
          infiniplex_forest_lined_3, infiniplex_forest_zigzag_2,
          nicolae_underground_beach
D:4:      layout_basic, elyvilon_altar_4, mainiacjoe_overflow_cross_hatched,
          serial_shops, shop
D:5:      layout_rooms, serial_shops, nicolae_shop_tiny_real_fake_doors, shop,
          grunt_ministairs_1

Skill      XL: |  1  2  3  4  5  6 |
---------------+-------------------+-----
Dodging        | 2 3 |  3.3
Fighting       | 2 3 |  3.5
Unarmed Combat | 4 5 |  5.4
Shapeshifting  | 4 |  4.1

Action                     |  1- 3 |  4- 6 || total
---------------------------+-------+-------++-------
  Melee: Unarmed           |   131 |   155 ||   286
         Tailslap          |    14 |    14 ||    28
         Punch             |     4 |     9 ||    13
  Throw: Dart              |       |    25 ||    25
   Stab: Sleeping          |     1 |       ||     1
 Armour: Skin              |    79 |   100 ||   179
  Dodge: Dodged            |    85 |    92 ||   177
